 Dungeon Crawl Stone Soup version 0.18.1-50-g88ac8fd (webtiles) character file.

124 DakAttack the Conjurer (level 4, -2/29 HPs)
             Began as a High Elf Conjurer on Oct 11, 2016.
             Killed from afar by an orc wizard (6 damage)
             ... with a magic dart
             ... on level 3 of the Dungeon.
             The game lasted 00:05:30 (1887 turns).

DakAttack the Conjurer (High Elf Conjurer)          Turns: 1887, Time: 00:05:30

Health: -2/29      AC:  4    Str:  7    XL:     4   Next: 81%
Magic:  2/9        EV:  8    Int: 19    God:
Gold:   95         SH:  0    Dex: 16    Spells: 3 memorised, 3 levels left

rFire  . . .     SeeInvis .     e - -3 dagger (curse)
rCold  . . .     Gourm    .     a - +0 robe
rNeg   . . .     Faith    .     (no shield)
rPois  .         Spirit   .     (no helmet)
rElec  .         Dismiss  .     g - +0 cloak
rCorr  .         Reflect  .     (no gloves)
SustAt .         Harm     .     h - +0 pair of boots
MR     .....                    j - amulet of magic regeneration
Stlth  ++........               (no ring)
                                (no ring)

@: slowed, drained, very slow, not resistant to hostile enchantments, unstealthy
A: no striking features
a: no special abilities


You were on level 3 of the Dungeon.
You were hungry.

You visited 1 branch of the dungeon, and saw 3 of its levels.

You collected 95 gold pieces.

Inventory:

Hand Weapons
 e - a cursed -3 dagger (weapon)
Armour
 a - a +0 robe (worn)
 g - a +0 cloak (worn)
 h - a +0 pair of boots (worn)
Jewellery
 j - an amulet of magic regeneration (around neck)
Wands
 k - a wand of random effects (48/48)
 l - a wand of slowing (19/48)
Potions
 f - a potion of heal wounds {unknown}
 i - a potion of flight {unknown}
 m - a potion of experience {unknown}
Books
 b - a book of Conjurations

   Spells                             Type                      Level
   a - Magic Dart                     Conjuration                  1
   b - Searing Ray                    Conjuration                  2
   c - Dazzling Spray                 Conjuration/Hexes            3
   d - Fulminant Prism                Conjuration/Hexes            4
   e - Iskenderun's Mystic Blast      Conjuration                  4
   f - Iskenderun's Battlesphere      Conjuration/Charms           5
Comestibles
 c - 3 bread rations
 o - 2 fruits


   Skills:
 + Level 1.8(1.1) Fighting
 * Level 3.0(2.3) Dodging
 * Level 3.2(2.5) Stealth
 * Level 3.2(2.5) Spellcasting
 * Level 5.0(4.3) Conjurations


You had 3 spell levels left.
You knew the following spells:

 Your Spells              Type           Power        Failure   Level  Hunger
a - Magic Dart            Conj           ###.         3%          1    #......
b - Searing Ray           Conj           ###...       6%          2    ##.....
c - Dazzling Spray        Conj/Hex       ##....       21%         3    ###....


Dungeon Overview and Level Annotations

Branches:
Dungeon (3/15)

Altars:
Ashenzari


Message History

The orc wizard completely misses you. The orc wizard hits you with a dagger.
You hit the orc wizard but do no damage.
The orc wizard is almost dead.
The orc wizard hits you with a dagger.
* * * LOW HITPOINT WARNING * * *
The orc wizard gestures wildly while chanting.
The orc wizard blinks!
Casting: Magic Dart
Confirm with . or Enter, or press ? or * to list all spells.
Aiming: Magic Dart
Press: ? - help, Shift-Dir - straight line, f/p - orc wizard
Aim: an orc wizard, wielding a dagger and wearing a robe (almost dead, fast)
The magic dart hits the orc wizard.
The orc wizard is almost dead.
The orc wizard casts a spell.
The orc wizard blinks!
There is a stone staircase leading up here.
The orc wizard gestures at you while chanting.
The magic dart hits you!
You die...

#........ #.#
#########..#.. #.#
#.........###. #.#
#....####..#.. #.#
##........#...# #.#
##.....###......
#.###.#.#.####.##.##
#.#.......o.........
##.#@#.#.....##..>...
##..).##......##..#.#.
#.#.#.###......#......
#.#.#.# #......#.##...
#.#.#.# #......#.##.#.
##.(..# ###.#....##.#.
##.#.# #......##.#.
#)#.# #)#.#


You could see an orc wizard.

Vanquished Creatures
  Ijyb (D:3)
  3 adders
  3 worms
  2 dart slugs (D:1)
  2 giant geckos
  5 orcs (D:3)
  5 bats
  4 giant cockroaches
  3 hobgoblins
  7 jackals
  2 kobolds (D:1)
  A ball python (D:2)
  6 giant newts
  7 goblins
  3 rats (D:1)
54 creatures vanquished.

Notes
Turn   | Place    | Note
--------------------------------------------------------------
     0 | D:1      | DakAttack the High Elf Conjurer began the quest for the Orb.
     0 | D:1      | Reached XP level 1. HP: 11/11 MP: 4/4
   139 | D:1      | Found a shattered altar of Ashenzari.
   293 | D:1      | Reached XP level 2. HP: 18/18 MP: 0/6
   484 | D:1      | Learned a level 2 spell: Searing Ray
   638 | D:1      | Reached skill level 1 in Fighting
   668 | D:1      | Reached XP level 3. HP: 19/23 MP: 0/8
  1321 | D:2      | Reached XP level 4. HP: 28/28 MP: 7/9
  1687 | D:3      | Noticed Ijyb
  1773 | D:3      | Killed Ijyb
  1795 | D:3      | Learned a level 3 spell: Dazzling Spray
  1805 | D:3      | Reached skill level 5 in Conjurations
  1887 | D:3      | Killed from afar by an orc wizard

Skill      XL: |  1  2  3  4 |
---------------+-------------+-----
Fighting       | 1 |  1.8
Stealth        | 3 |  3.2
Dodging        | 3 |  3.0
Spellcasting   | 3 |  3.2
Conjurations   | 5 |  5.0

Action                   |  1- 3 |  4- 6 || total
-------------------------+-------+-------++-------
Melee: Unarmed           |    11 |       ||    11
       Dagger            |    21 |     5 ||    26
 Cast: Magic Dart        |    74 |    43 ||   117
       Searing Ray       |     2 |     4 ||     6
  Use: Scroll            |     4 |     1 ||     5
       Potion            |       |     2 ||     2
  Eat: Chunk             |     1 |     2 ||     3
Armor: Robe              |     6 |     9 ||    15
Dodge: Dodged            |    24 |    27 ||    51
